BLB
CAROLINA TOBS @ WINDY CITY BLUES
03/08/2060
 
TOP OF THE 1ST
Carolina Tobs batting - Pitching for Windy City Blues : LHP A.J. Stillman
Pitching: LHP A.J. Stillman
Batting: SHB Sean Benjamin 0-0: Called Strike
0-1: Ball
1-1: SINGLE (Groundball, P, EV 88.1 MPH) (infield hit)
Batting: LHB Spencer DeSimone 0-0: Ball
1-0: SINGLE (Line Drive, 4M, EV 102.5 MPH)
Sean Benjamin to second
Batting: LHB Trent West 0-0: Foul Ball, location: 2F
0-1: Ball
1-1: Ball
2-1: Ball
3-1: Base on Balls
Sean Benjamin to third
Spencer DeSimone to second
Batting: LHB Evan Turner 0-0: Swinging Strike
0-1: Called Strike
0-2: Ball
1-2: Strikes out looking
Batting: RHB Rykeem Potts 0-0: Ball
1-0: Ball
2-0: Foul Ball, location: 2F
2-1: Foul Ball, location: 2F
2-2: Strikes out swinging
Batting: LHB Clay Newhouse 0-0: Ball
1-0: Called Strike
1-1: Foul Ball, location: 2F
1-2: SINGLE (Groundball, 34S, EV 62.5 MPH) (infield hit)
Sean Benjamin scores
Spencer DeSimone to third
Trent West to second
Batting: SHB Tommy Pettyjohn 0-0: Swinging Strike
0-1: Swinging Strike
0-2: Ball
1-2: Ball
2-2: Strikes out swinging
Top of the 1st over - 1 run, 3 hits, 0 errors, 3 left on base; Carolina 1 - Windy City 0
BOTTOM OF THE 1ST
Windy City Blues batting - Pitching for Carolina Tobs : LHP Miles Licon
Pitching: LHP Miles Licon
Batting: RHB Dulani Cherry 0-0: Ball
1-0: Swinging Strike
1-1: Ball
2-1: Ball
3-1: Swinging Strike
3-2: Strikes out swinging
Batting: RHB Ty Dec 0-0: Called Strike
0-1: Ball
1-1: Foul Ball, location: 2F
1-2: DOUBLE (Flyball, 8RXD, EV 94.4 MPH)
Batting: RHB Ezekiel Wolfson 0-0: Called Strike
0-1: Ball
1-1: SINGLE (Flyball, 6D, EV 93.8 MPH)
Ty Dec to third
Batting: RHB Corbin Herron 0-0: Ball
1-0: Fly out, F3 (Popup, 23F, EV 89.4 MPH)
Batting: RHB Adrien Jimenez 0-0: Ball
1-0: Foul Ball, location: 2F
1-1: Called Strike
1-2: Ball
2-2: Foul Ball, location: 2F
2-2: Strikes out swinging
Bottom of the 1st over - 0 runs, 2 hits, 0 errors, 2 left on base; Carolina 1 - Windy City 0
TOP OF THE 2ND
Carolina Tobs batting - Pitching for Windy City Blues : LHP A.J. Stillman
Batting: LHB Kyle Siebert 0-0: Ball
1-0: Called Strike
1-1: Ball
2-1: Foul Ball, location: 2F
2-2: Strikes out looking
Batting: SHB Shaunte Panteleo 0-0: Called Strike
0-1: Ball
1-1: Called Strike
1-2: Foul Ball, location: 2F
1-2: SINGLE (Groundball, 56D, EV 107.5 MPH)
Batting: SHB Sean Benjamin 0-0: Ball
1-0: Ball
2-0: Ball
3-0: Called Strike
3-1: Called Strike
3-2: Base on Balls
Shaunte Panteleo to second
Batting: LHB Spencer DeSimone 0-0: Called Strike
0-1: Ball
1-1: DOUBLE (Flyball, 89XD, EV 98.8 MPH)
Shaunte Panteleo scores
Sean Benjamin to third
Batting: LHB Trent West 0-0: Ball
1-0: Ball
2-0: SINGLE (Line Drive, 34, EV 94.4 MPH)
Sean Benjamin scores
Spencer DeSimone to third
Batting: LHB Evan Turner 0-0: Called Strike
0-1: Fly out, F7 (Flyball, 78D, EV 89.4 MPH)
Runner from 3rd tags up, SCORES, throw by LF
Batting: RHB Rykeem Potts 0-0: Ball
1-0: Foul Ball, location: 2F
1-1: Called Strike
1-2: Strikes out swinging
Top of the 2nd over - 3 runs, 3 hits, 0 errors, 1 left on base; Carolina 4 - Windy City 0
BOTTOM OF THE 2ND
Windy City Blues batting - Pitching for Carolina Tobs : LHP Miles Licon
Batting: RHB Brad Castro 0-0: Ball
1-0: Fly out, F4 (Popup, 34S, EV 83.1 MPH)
Batting: RHB Forest Cordova 0-0: DOUBLE (Line Drive, 89M, EV 97.5 MPH)
Batting: LHB Zach Dunnum 0-0: Called Strike
0-1: Foul Ball, location: 2F
0-2: SINGLE (Groundball, 34D, EV 107.5 MPH)
Forest Cordova to third
Batting: RHB Armand Carandini 0-0: Called Strike
0-1: Ball
1-1: Ball
2-1: Ground out 6-3 (Groundball, 6M, EV 90.6 MPH)
Forest Cordova scores
Zach Dunnum to second
Batting: RHB Dulani Cherry 0-0: Fly out, F8 (Flyball, 8RXD, EV 93.1 MPH)
Bottom of the 2nd over - 1 run, 2 hits, 0 errors, 1 left on base; Carolina 4 - Windy City 1
TOP OF THE 3RD
Carolina Tobs batting - Pitching for Windy City Blues : LHP A.J. Stillman
Batting: LHB Clay Newhouse 0-0: Called Strike
0-1: Called Strike
0-2: Ground out 4-3 (Groundball, 4, EV 81.9 MPH)
Batting: SHB Tommy Pettyjohn 0-0: Ball
1-0: Ball
2-0: Foul Ball, location: 2F
2-1: Ball
3-1: Base on Balls
Batting: LHB Kyle Siebert 0-0: Ball
1-0: Ball
2-0: Foul Ball, location: 2F
2-1: Foul Ball, location: 2F
2-2: Ball
3-2: Grounds into double play, 4-6-3 (Groundball, 4, EV 84.4 MPH)
Top of the 3rd over - 0 runs, 0 hits, 0 errors, 0 left on base; Carolina 4 - Windy City 1
BOTTOM OF THE 3RD
Windy City Blues batting - Pitching for Carolina Tobs : LHP Miles Licon
Batting: RHB Ty Dec 0-0: Ball
1-0: Ball
2-0: Foul Ball, location: 2F
2-1: Ball
3-1: Foul Ball, location: 2F
3-2: SINGLE (Groundball, 5S, EV 69.4 MPH) (infield hit)
Batting: RHB Ezekiel Wolfson 0-0: Swinging Strike
0-1: Ball
1-1: Foul Ball, location: 2F
1-2: Ball
2-2: TRIPLE (Line Drive, 89XD, EV 98.8 MPH)
Ty Dec scores
Batting: RHB Corbin Herron 0-0: Fly out, F9 (Flyball, 89S, EV 81.2 MPH)
Runner from 3rd tags up, OUT at HOME! 9-2
Batting: RHB Adrien Jimenez 0-0: Fly out, F7 (Flyball, 7D, EV 101.9 MPH)
Bottom of the 3rd over - 1 run, 2 hits, 0 errors, 0 left on base; Carolina 4 - Windy City 2
TOP OF THE 4TH
Carolina Tobs batting - Pitching for Windy City Blues : LHP A.J. Stillman
Batting: SHB Shaunte Panteleo 0-0: Ball
1-0: Called Strike
1-1: Ball
2-1: Foul Ball, location: 2F
2-2: Foul Ball, location: 2F
2-2: Strikes out swinging
Pinch Hitting: RHB Marcus Fahr 0-0: Foul Ball, location: 2F
0-1: Swinging Strike
0-2: Ball
1-2: Foul Ball, location: 2F
1-2: Foul Ball, location: 2F
1-2: Ball
2-2: Strikes out swinging
Batting: LHB Spencer DeSimone 0-0: Swinging Strike
0-1: Foul Ball, location: 2F
0-2: Fly out, F8 (Flyball, 8RD, EV 106.2 MPH)
Top of the 4th over - 0 runs, 0 hits, 0 errors, 0 left on base; Carolina 4 - Windy City 2
BOTTOM OF THE 4TH
Windy City Blues batting - Pitching for Carolina Tobs : LHP Miles Licon
Now at SS: Marcus Fahr
Batting: RHB Brad Castro 0-0: Ball
1-0: Ball
2-0: Foul Ball, location: 2F
2-1: Foul Ball, location: 2F
2-2: Strikes out swinging
Batting: RHB Forest Cordova 0-0: Called Strike
0-1: Called Strike
0-2: Strikes out swinging
Batting: LHB Zach Dunnum 0-0: Ball
1-0: Called Strike
1-1: Ball
2-1: Called Strike
2-2: Ball
3-2: SINGLE (Line Drive, 4D, EV 100.0 MPH)
Batting: RHB Armand Carandini 0-0: Ball
1-0: Swinging Strike
1-1: Ball
2-1: Foul Ball, location: 2F
2-2: Ball
3-2: Strikes out swinging
Bottom of the 4th over - 0 runs, 1 hit, 0 errors, 1 left on base; Carolina 4 - Windy City 2
TOP OF THE 5TH
Carolina Tobs batting - Pitching for Windy City Blues : LHP A.J. Stillman
Now at 2B: Peter Wingenbach
Now in LF: Jedediah Hernandez
Now in CF: Ron Shotwell
Batting: RHB Casey Suggs 0-0: Ground out 1-3 (Groundball, 15S, EV 68.8 MPH)
Batting: LHB Evan Turner 0-0: Called Strike
0-1: Ground out 3-1 (Groundball, 34S, EV 80.0 MPH)
Batting: RHB Rykeem Potts 0-0: Called Strike
0-1: Foul Ball, location: 2F
0-2: Ball
1-2: Fly out, F9 (Line Drive, 89M, EV 105.0 MPH)
Top of the 5th over - 0 runs, 0 hits, 0 errors, 0 left on base; Carolina 4 - Windy City 2
BOTTOM OF THE 5TH
Windy City Blues batting - Pitching for Carolina Tobs : LHP Miles Licon
Now at 1B: Scott Davila
Now in RF: Johnathan Shillito
Pinch Hitting: RHB Deontae Howard 0-0: Called Strike
0-1: Swinging Strike
0-2: Ball
1-2: Foul Ball, location: 2F
1-2: Ball
2-2: Ball
3-2: Strikes out swinging
Batting: RHB Freddy Mikulski 0-0: Ball
1-0: Fly out, F8 (Flyball, 89M, EV 92.5 MPH)
Batting: LHB Jedediah Hernandez 0-0: Ball
1-0: Called Strike
1-1: Ball
2-1: Ground out 6-3 (Groundball, P, EV 78.1 MPH)
Bottom of the 5th over - 0 runs, 0 hits, 0 errors, 0 left on base; Carolina 4 - Windy City 2
TOP OF THE 6TH
Carolina Tobs batting - Pitching for Windy City Blues : LHP A.J. Stillman
Pitching: RHP Grant Randolph
Now in RF: Deontae Howard
Batting: RHB Johnathan Shillito 0-0: Called Strike
0-1: Fly out, F7 (Flyball, 78M, EV 85.0 MPH)
Batting: SHB Tommy Pettyjohn 0-0: Ball
1-0: Fly out, F7 (Line Drive, 7, EV 95.6 MPH)
Batting: LHB Kyle Siebert 0-0: Ball
1-0: Ground out 4-3 (Groundball, 4, EV 88.8 MPH)
Top of the 6th over - 0 runs, 0 hits, 0 errors, 0 left on base; Carolina 4 - Windy City 2
BOTTOM OF THE 6TH
Windy City Blues batting - Pitching for Carolina Tobs : LHP Miles Licon
Pitching: RHP Daquein Kim
Pinch Hitting: LHB Rafael Rutkowski 0-0: Ball
1-0: Called Strike
1-1: SINGLE (Groundball, 6MD, EV 99.4 MPH)
Batting: RHB Ron Shotwell 0-0: Ground out 4-3 (Groundball, 34, EV 85.0 MPH)
Rafael Rutkowski to second
Batting: RHB Brad Castro 0-0: Called Strike
0-1: Ball
1-1: Ball
2-1: Fly out, F4 (Popup, 4, EV 73.8 MPH)
Batting: RHB Forest Cordova 0-0: Ball
1-0: Called Strike
1-1: Ball
2-1: DOUBLE (Flyball, 8LXD, EV 98.1 MPH)
Rafael Rutkowski scores
Batting: RHB Peter Wingenbach 0-0: Ball
1-0: Foul Ball, location: 2F
1-1: Ball
2-1: Foul Ball, location: 2F
2-2: Ball
3-2: Strikes out looking
Bottom of the 6th over - 1 run, 2 hits, 0 errors, 1 left on base; Carolina 4 - Windy City 3
TOP OF THE 7TH
Carolina Tobs batting - Pitching for Windy City Blues : RHP Grant Randolph
Now at 1B: Rafael Rutkowski
Batting: SHB Shaunte Panteleo 0-0: Ball
1-0: Foul Ball, location: 2F
1-1: Swinging Strike
1-2: Fly out, F5 (Line Drive, 5, EV 71.2 MPH)
Batting: RHB Marcus Fahr 0-0: Swinging Strike
0-1: Foul Ball, location: 2F
0-2: Ball
1-2: Ball
2-2: Strikes out swinging
Batting: LHB Spencer DeSimone 0-0: Foul Ball, location: 2F
0-1: Ball
1-1: Ball
2-1: Ball
3-1: Base on Balls
Batting: RHB Casey Suggs 0-0: Fly out, F8 (Flyball, 8LD, EV 105.6 MPH)
Top of the 7th over - 0 runs, 0 hits, 0 errors, 1 left on base; Carolina 4 - Windy City 3
BOTTOM OF THE 7TH
Windy City Blues batting - Pitching for Carolina Tobs : RHP Daquein Kim
Pitching: RHP Dale Charlesworth
Batting: RHB Armand Carandini 0-0: Ground out 5-3 (Groundball, 56S, EV 67.5 MPH)
Batting: RHB Deontae Howard 0-0: Swinging Strike
0-1: Foul Ball, location: 2F
0-2: Ball
1-2: Foul Ball, location: 2F
1-2: Ball
2-2: DOUBLE (Groundball, 5L, EV 99.4 MPH)
Batting: RHB Freddy Mikulski 0-0: Fly out, F6 (Popup, 4MD, EV 55.6 MPH)
Batting: LHB Jedediah Hernandez 0-0: Called Strike
0-1: Ground out 5-3 (Groundball, 5, EV 104.4 MPH)
Bottom of the 7th over - 0 runs, 1 hit, 0 errors, 1 left on base; Carolina 4 - Windy City 3
TOP OF THE 8TH
Carolina Tobs batting - Pitching for Windy City Blues : RHP Grant Randolph
Batting: LHB Scott Davila 0-0: Called Strike
0-1: Foul Ball, location: 2F
0-2: Ball
1-2: Foul Ball, location: 2F
1-2: Strikes out swinging
Batting: RHB Rykeem Potts 0-0: Ball
1-0: Called Strike
1-1: Foul Ball, location: 2F
1-2: Ball
2-2: Ball
3-2: Ground out U3 (Groundball, 3S, EV 85.6 MPH)
Batting: RHB Johnathan Shillito 0-0: Swinging Strike
0-1: Foul Ball, location: 2F
0-2: Ball
1-2: Ball
2-2: Ball
3-2: Foul Ball, location: 2F
3-2: Ground out 4-3 (Groundball, 4, EV 86.2 MPH)
Top of the 8th over - 0 runs, 0 hits, 0 errors, 0 left on base; Carolina 4 - Windy City 3
BOTTOM OF THE 8TH
Windy City Blues batting - Pitching for Carolina Tobs : RHP Dale Charlesworth
Pitching: LHP Martin Hoffman
Batting: LHB Rafael Rutkowski 0-0: Called Strike
0-1: Ball
1-1: Swinging Strike
1-2: Ball
2-2: Foul Ball, location: 2F
2-2: Ball
3-2: Ground out 4-3 (Groundball, 4, EV 80.6 MPH)
Batting: RHB Ron Shotwell 0-0: SINGLE (Line Drive, 4D, EV 98.8 MPH)
Batting: RHB Brad Castro 0-0: Ball
1-0: Bunted foul
1-1: Sac Bunt to P - play at first, batter OUT! 1-3
Ron Shotwell to second
Batting: RHB Forest Cordova 0-0: Called Strike
0-1: Ball
1-1: Ball
2-1: Foul Ball, location: 2F
2-2: Fly out, F8 (Flyball, 8RXD, EV 84.4 MPH)
Bottom of the 8th over - 0 runs, 1 hit, 0 errors, 1 left on base; Carolina 4 - Windy City 3
TOP OF THE 9TH
Carolina Tobs batting - Pitching for Windy City Blues : RHP Grant Randolph
Pitching: LHP Carter Bell
Batting: SHB Tommy Pettyjohn 0-0: Ball
1-0: Ball
2-0: Ball
3-0: Called Strike
3-1: Swinging Strike
3-2: Strikes out swinging
Batting: LHB Kyle Siebert 0-0: Ball
1-0: Called Strike
1-1: Ball
2-1: Foul Ball, location: 2F
2-2: Foul Ball, location: 2F
2-2: Ball
3-2: Base on Balls
Pinch Hitting: LHB Obie Biggs 0-0: Called Strike
0-1: Fly out, F8 (Line Drive, 8LD, EV 100.0 MPH)
Batting: RHB Marcus Fahr 0-0: Called Strike
0-1: Ball
1-1: Ball
2-1: SINGLE (Groundball, 6MD, EV 106.9 MPH)
Kyle Siebert to second
Runner from 2nd tries for 3rd, OUT! 8-5
Top of the 9th over - 0 runs, 1 hit, 0 errors, 1 left on base; Carolina 4 - Windy City 3
BOTTOM OF THE 9TH
Windy City Blues batting - Pitching for Carolina Tobs : LHP Martin Hoffman
Pitching: RHP Joey Jonas
Now at C: Obie Biggs
Batting: RHB Peter Wingenbach 0-0: Called Strike
0-1: Swinging Strike
0-2: Strikes out looking
Pinch Hitting: RHB Jamie Kear 0-0: Swinging Strike
0-1: Ball
1-1: Ball
2-1: Ball
3-1: Base on Balls
Batting: RHB Deontae Howard 0-0: 2-RUN HOME RUN (Flyball, 78XD, EV 114.4 MPH), Distance : 423 ft
Bottom of the 9th over - 2 runs, 1 hit, 0 errors, 0 left on base; Carolina 4 - Windy City 5
Wednesday, April 17th , 2024 - OOTP Baseball 23.10 Build 110